 Dungeon Crawl Stone Soup version 0.26-a0-833-g7262b39652 (webtiles) character file.

Game seed: 6401474834363526858

119194 Peloso the Peltast (level 16, 0/102 HPs)
             Began as a Minotaur Fighter on Nov 15, 2020.
             Was the Champion of Okawaru.
             Slain by a starcursed mass (10 damage)
             ... while paralysed by accursed screaming
             ... on level 2 of the Abyss on Nov 16, 2020.
             The game lasted 01:21:08 (29434 turns).

Peloso the Peltast (Minotaur Fighter)              Turns: 29434, Time: 01:21:11

Health: 0/102      AC: 29    Str: 26      XL:     16   Next: 27%
Magic:  13/13      EV:  2    Int:  5      God:    Okawaru [******]
Gold:   2613       SH:  0    Dex: 15 (16) Spells: 15/15 levels left

rFire    + + +     SeeInvis .   J - +7 falchion "Tiekhiuc" {vorpal, rPois rF+}
rCold    + . .     Faith    .   c - +0 tower shield
rNeg     . . .     Spirit   .   y - +3 plate armour {rF+}
rPois    +         Reflect  +   D - +2 hat {MR+}
rElec    .         Harm     .   (no cloak)
rCorr    .         Rampage  .   R - +0 pair of gloves {Dex+3}
MR       +++..                  O - +4 pair of boots "Xehy" {Dex+5}
Stlth    ..........             v - amulet "Woutram" {Reflect +Fly rPois rC+ SH+5}
HPRegen  0.27/turn              f - ring of protection from magic
MPRegen  0.13/turn              Y - ring of protection from fire

@: paralysed, about to teleport
A: retaliatory headbutt, horns 2, [clumsy 2], [deterioration 2], [frail 3], [low
mp 2], [subdued magic 2]
a: Heroism, Finesse, Renounce Religion, Evoke Flight


You were on level 2 of the Abyss.
You worshipped Okawaru.
Okawaru was exalted by your worship.
You visited 5 branches of the dungeon, and saw 25 of its levels.
You visited the Abyss 1 time.
You visited 1 bazaar.
You also visited: Ossuary and Gauntlet.

You collected 2874 gold pieces.
You spent 261 gold pieces at shops.

Inventory:

Hand Weapons
 a - a +2 scimitar of flaming
 b - a +2 scimitar of holy wrath
 J - the +7 falchion "Tiekhiuc" (weapon) {vorpal, rPois rF+}
   (You took it off a centaur on level 9 of the Dungeon)

   It inflicts extra damage upon your enemies.
   It protects you from fire.
   It protects you from poison.
Armour
 c - a +0 tower shield (worn)
 r - a +2 pair of boots of stealth
 y - a +3 plate armour of fire resistance (worn)
 D - a +2 hat of magic resistance (worn)
 O - the +4 pair of boots "Xehy" (worn) {Dex+5}
   (Okawaru gifted it to you on level 14 of the Dungeon)

   It affects your dexterity (+5).
 R - a +0 pair of gloves of dexterity (worn)
Jewellery
 f - a ring of protection from magic (left hand)
 q - an uncursed amulet of magic regeneration
 s - an uncursed ring of see invisible
 v - the amulet "Woutram" (around neck) {Reflect +Fly rPois rC+ SH+5}
   (You found it in a Gauntlet)

   [amulet of reflection]

   It shields you and reflects attacks.
   It protects you from cold.
   It protects you from poison.
   It lets you fly.
   It affects your SH (+5).
 B - an uncursed ring of flight
 V - an uncursed ring of protection from cold
 Y - a ring of protection from fire (right hand)
Wands
 H - a wand of digging (5)
Scrolls
 e - 3 scrolls of immolation
 g - 4 scrolls of blinking
 h - 2 scrolls of magic mapping
 k - 7 scrolls of identify
 n - 5 scrolls of remove curse
 o - a scroll of noise
 t - a scroll of enchant armour
 u - a scroll of amnesia
 x - 4 scrolls of teleportation
 M - a scroll of fear
 S - a scroll of acquirement
Potions
 d - 3 potions of might
 i - 2 potions of mutation
 j - a potion of invisibility
 l - 6 potions of curing
 m - 2 potions of heal wounds
 p - a potion of magic
 w - a potion of brilliance
 A - 8 potions of flight
 U - 3 potions of haste
 X - 3 potions of resistance
 Z - a potion of berserk rage


   Skills:
 + Level 14.2 Fighting
 + Level 16.6 Long Blades
 + Level 15.0 Armour
 + Level 5.3 Dodging
 + Level 1.5 Stealth
 + Level 20.3 Shields
 + Level 0.1 Unarmed Combat
 + Level 3.5 Invocations
 + Level 0.2 Evocations


You had 15 spell levels left.
You didn't know any spells.
Your spell library contained the following spells:

 Spells                   Type           Power        Failure   Level
 Magic Dart               Conj           #...         99%         1
 Sandblast                Erth           #.....       99%         1
 Blink                    Tloc           N/A          100%        2
 Call Imp                 Summ           #.......     100%        2
 Corpse Rot               Necr/Air       N/A          100%        2
 Passwall                 Tmut/Erth      #.......     100%        2
 Slow                     Hex            #.......     100%        2
 Sublimation of Blood     Necr           #.........   100%        2
 Conjure Flame            Conj/Fire      #.......     100%        3
 Mephitic Cloud           Conj/Pois/Air  #.......     100%        3
 Stone Arrow              Conj/Erth      #.....       100%        3
 Animate Dead             Necr           #.........   100%        4
 Dispel Undead            Necr           #.......     100%        4
 Ice Form                 Ice/Tmut       #.......     100%        4
 Petrify                  Tmut/Erth      #.......     100%        4
 Agony                    Necr           #.......     100%        5
 Borgnjor's Vile Clutch   Necr/Erth      #.........   100%        5
 Excruciating Wounds      Necr           #.........   100%        5
 Lee's Rapid Deconstruct  Erth           #.........   100%        5
 Metabolic Englaciation   Hex/Ice        #.........   100%        5
 Death Channel            Necr           #.........   100%        6
 Freezing Cloud           Conj/Ice/Air   #.........   100%        6
 Ozocubu's Refrigeration  Ice            #.........   100%        6
 Simulacrum               Ice/Necr       #.........   100%        6
 Malign Gateway           Summ/Tloc      #.........   100%        7
 Monstrous Menagerie      Summ           #.........   100%        7
 Summon Greater Demon     Summ           #.........   100%        7
 Summon Horrible Things   Summ           #.........   100%        8


Dungeon Overview and Level Annotations

Branches:
Dungeon (15/15)            Temple (1/1) D:4            Lair (6/6) D:9
  Swamp (0/4) Lair:2       Spider (0/4) Lair:2        Slime (0/5) Lair:6
    Orc (2/2) D:12            Elf (1/3) Orc:2        Vaults (0/5) D:14
 Depths (0/5) D:15        Ossuary (visited)         Gauntlet (visited)

Altars:
Ashenzari
Cheibriados
Dithmenos
Elyvilon
Fedhas
Hepliaklqana
Makhleb
Nemelex Xobeh
Okawaru
Qazlal
Ru
Sif Muna
Trog
Uskayaw
Vehumet
Wu Jian
Xom
Yredelemnul
Zin
The Shining One
Beogh

Shops:
D:13 }   Orc:2 (}*   Elf:1 (

Annotations:
Elf:1 1 runed translucent door, Govadawn's ghost, adept DsIE


Innate Abilities, Weirdness & Mutations

You reflexively headbutt those who attack you in melee.
You have a pair of horns on your head.
[You are very clumsy. (Dex -4)]
[Your body often deteriorates upon taking damage.]
[You are extremely frail. (-30% HP)]
[Your magical capacity is very low. (-20% MP)]
[Your spells are easier to cast, but less powerful.]


Message History

A starcursed mass comes into view.
The thrashing horror roars!
You block the starcursed mass's attack.
You hit the starcursed mass.
The starcursed mass is moderately damaged.
The starcursed mass shudders and withdraws towards its neighbour.
You block the starcursed mass's attack.
Unknown command.
A cacophony of accursed wailing tears at your sanity!
* * * LOW HITPOINT WARNING * * *
Your body deteriorates!
You feel clumsy.
You suddenly lose the ability to move!
Found a scroll of identify.
A starcursed mass splits. x2
A cacophony of accursed wailing tears at your sanity!
* * * LOW HITPOINT WARNING * * *
You shrug off the repeated paralysis!
The thrashing horror tramples you but does no damage. x2
The starcursed mass engulfs you but does no damage.
The starcursed mass engulfs you!
You die...

.# #.## ## #....
#. . .X.X.X
.#.##. #§#X#
......####..#.
#......####?##
....##§.X#X.# .
#X###@..#
.......#XXXX.#.#
...######DX.#.#
##X.#.##.#
#..X...###
##....## #.....#
# #.....## .
##.##. .#


You could see a bone dragon, 10 starcursed masses and a thrashing horror.

Vanquished Creatures
  Frances (D:14)
  Kirke (D:14)
  Gastronok (D:8)
  A deep elf demonologist (Elf:1)
  Nessos (D:14)
  A minotaur (Gauntlet)
  A spark wasp (shapeshifter) (D:15)
  Snorg (Lair:5)
  Fannar (D:11)
  An ogre mage (D:14)
  4 boulder beetles
  7 hydras
  2 centaur warriors (D:15)
  A death knight (D:14)
  A catoblepas (D:13)
  Erica (D:8)
  3 death yaks (D:9)
  A queen ant (Lair:2)
  10 two-headed ogres
  3 tengu warriors
  An orc high priest (Orc:2)
  4 deep elf knights (Elf:1)
  A wretched star (Abyss:2)
  6 skeletal warriors (D:14)
  A spatial maelstrom (Abyss:2)
  3 wizards
  An unseen horror (D:14)
  The ghost of Riddle the Ogre Mage, a novice OgFE (D:4)
  A phantasmal warrior (D:14)
  A necromancer (D:15)
  3 orc knights
  5 cyclopes
  11 ugly things
  An orc sorcerer (Orc:1)
  An oklob plant (Lair:5)
  5 deep elf magi (Elf:1)
  2 naga magi (D:15)
  11 elephants (Lair:2)
  3 black mambas
  An eye of devastation (Lair:6)
  32 cane toads
  A large abomination (Abyss:2)
  2 smoke demons (Abyss:2)
  2 gargoyles
  7 centaur skeletons
  7 komodo dragons
  3 efreet
  A tengu conjurer (D:14)
  A rime drake (Lair:2)
  3 kobold demonologists
  A freezing wraith (D:14)
  A queen bee (D:13)
  An ancient zyme (Abyss:2)
  6 meliai
  2 trolls
  3 jumping spiders (Lair:2)
  A troll (shapeshifter) (D:15)
  13 slime creatures
  5 tyrant leeches (Lair:6)
  2 hornets (D:9)
  A queen bee (shapeshifter) (D:14)
  4 raiju (Abyss:2)
  31 blink frogs
  5 redbacks (Lair:2)
  5 shadows
  4 wraiths
  3 centaur simulacra
  4 basilisks
  2 hogs (D:14)
  A wyvern (D:9)
  40 yaks
  6 vampire mosquitoes (Lair:6)
  21 water moccasins
  A warg (Orc:2)
  6 soldier ants (Lair:2)
  41 orc warriors
  3 sky beasts
  5 ice beasts
  3 black bears
  14 ogres
  3 eyes of draining
  17 centaurs
  4 phantoms
  3 wolves (Lair:2)
  A necrophage (D:8)
  14 big kobolds
  24 bullfrogs
  2 gnoll sergeants (D:7)
  A wyvern zombie (D:14)
  A water moccasin zombie (D:5)
  A wyvern skeleton (D:14)
  4 scorpions
  A troll zombie (D:12)
  A hornet simulacrum (D:15)
  A water moccasin skeleton (D:10)
  35 killer bees
  An electric eel (D:11)
  17 wights
  4 howler monkeys
  A bullfrog zombie (D:13)
  2 centaur zombies
  A starcursed mass (Abyss:2)
  3 jellies
  3 bullfrog skeletons
  10 hounds
  11 orc priests
  5 iguanas
  20 orc wizards
  Natasha (D:2)
  4 hell rats (Lair:3)
  A statue (D:6)
  28 worker ants
  5 ogre zombies (D:12)
  A hound zombie (D:11)
  8 mummies (Ossuary)
  2 worker ant zombies
  19 gnolls
  11 adders
  6 shadow imps
  A white imp (D:5)
  4 ufetubi
  2 oozes (D:1)
  An adder zombie (D:6)
  An adder skeleton (D:6)
  4 worms
  2 dart slugs
  2 leopard geckos
  86 orcs
  2 ball pythons
  2 giant cockroaches
  A gnoll zombie (Ossuary)
  44 goblins
  18 hobgoblins
  10 jackals
  8 quokkas
  6 bats
  7 frilled lizards
  2 goblin zombies (D:12)
  A hobgoblin skeleton (D:12)
  3 hobgoblin zombies
  A jackal zombie (D:6)
  23 kobolds
  2 kobold zombies (Ossuary)
  A leopard gecko skeleton (D:4)
  2 orc skeletons (D:12)
  16 orc zombies
  4 rats
933 creatures vanquished.

Vanquished Creatures (others)
  Agnes (D:14)
  A slime creature (D:15)
  A kobold (D:15)
  42 fungi
  100 plants
145 creatures vanquished.

Grand Total: 1078 creatures vanquished

Notes
Turn   | Place    | Note
-------+----------+-------------------------------------------
     0 | D:1      | Peloso the Minotaur Fighter began the quest for the Orb.
     0 | D:1      | Reached XP level 1. HP: 19/19 MP: 0/0
   136 | D:1      | You fall into a shaft and drop 1 floor!
   150 | D:2      | Reached skill level 4 in Shields
   150 | D:2      | Reached XP level 2. HP: 27/27 MP: 1/1
   228 | D:3      | Found a blossoming altar of Fedhas.
   239 | D:3      | Found a shimmering blue altar of Sif Muna.
   324 | D:3      | Reached XP level 3. HP: 14/33 MP: 2/2
   752 | D:3      | Found a broken altar of Ashenzari.
   954 | D:3      | Reached XP level 4. HP: 39/40 MP: 3/3
  1912 | D:2      | Found a sacrificial altar of Ru.
  1913 | D:2      | Found a bloodstained altar of Trog.
  2293 | D:2      | Noticed Natasha
  2296 | D:2      | Reached XP level 5. HP: 44/46 MP: 4/4
  2299 | D:2      | Killed Natasha
  2698 | D:4      | Found a staircase to the Ecumenical Temple.
  2709 | Temple   | Entered the Ecumenical Temple
  2732 | Temple   | Became a worshipper of Warmaster Okawaru
  2930 | D:4      | Reached skill level 5 in Armour
  3007 | D:4      | Noticed Riddle's ghost (novice OgFE)
  3021 | D:4      | Found a runed translucent door.
  3051 | D:4      | Reached XP level 6. HP: 50/53 MP: 5/5
  3213 | D:4      | Found an ornate altar of the Wu Jian Council.
  3231 | D:4      | Found a hazy altar of Hepliaklqana.
  3268 | D:4      | Reached skill level 5 in Long Blades
  3678 | D:5      | Entered Level 5 of the Dungeon
  3694 | D:5      | Found a shadowy altar of Dithmenos.
  3739 | D:5      | Reached skill level 1 in Dodging
  3739 | D:5      | Reached skill level 5 in Shields
  3791 | D:5      | Noticed an ice beast
  3799 | D:5      | Killed an ice beast
  3800 | D:5      | Reached XP level 7. HP: 43/60 MP: 6/6
  3980 | D:5      | Reached * piety under Okawaru
  4041 | D:5      | Reached skill level 5 in Fighting
  4584 | D:6      | Reached XP level 8. HP: 57/68 MP: 7/7
  4878 | D:6      | Found a radiant altar of Vehumet.
  5090 | D:6      | Reached skill level 6 in Shields
  5766 | D:3      | Reached ** piety under Okawaru
  5769 | D:3      | Reached skill level 7 in Shields
  6320 | D:7      | Noticed a green ugly thing
  6347 | D:7      | Killed a green ugly thing
  6348 | D:7      | Reached skill level 8 in Shields
  6348 | D:7      | Reached XP level 9. HP: 67/75 MP: 5/8
  6415 | D:7      | Reached *** piety under Okawaru
  6501 | D:7      | Reached skill level 10 in Long Blades
  6698 | D:7      | Found a burning altar of Makhleb.
  6852 | D:7      | Got a blackened trident
  6853 | D:7      | Identified the +5 trident of World Downfall {freeze, rElec
                  | Str-2 Int+2 Dex+4} (You found it on level 7 of the Dungeon)
  7000 | D:7      | Reached skill level 9 in Shields
  7309 | D:7      | Reached skill level 1 in Invocations
  7371 | D:8      | Noticed Gastronok
  7381 | D:8      | Killed Gastronok
  7381 | D:8      | Reached **** piety under Okawaru
  7382 | D:8      | Reached skill level 10 in Shields
  7382 | D:8      | Reached XP level 10. HP: 77/86 MP: 7/10
  7419 | D:8      | Found a sand-covered staircase.
  7424 | Ossuary  | Entered an ossuary
  7696 | D:8      | Reached ***** piety under Okawaru
  7929 | D:8      | Noticed Erica
  7942 | D:8      | Killed Erica
  7942 | D:8      | Received a gift from Okawaru
  8425 | D:9      | Reached skill level 11 in Shields
  8638 | D:9      | Found a glowing golden altar of the Shining One.
  8728 | D:9      | Identified the +7 falchion "Tiekhiuc" {vorpal, rPois rF+}
  8734 | D:9      | Reached XP level 11. HP: 93/94 MP: 8/11
  8770 | D:9      | Found a glowing golden altar of the Shining One.
  8772 | D:9      | Found a white marble altar of Elyvilon.
  8778 | D:9      | Found a glowing silver altar of Zin.
  8807 | D:9      | Noticed a death yak
  8808 | D:9      | Noticed a death yak
  8832 | D:9      | Killed a death yak
  8849 | D:9      | Killed a death yak
  8850 | D:9      | Noticed a death yak
  8867 | D:9      | Killed a death yak
  8868 | D:9      | Reached skill level 10 in Armour
  8877 | D:9      | Reached skill level 12 in Shields
  8896 | D:9      | Received a gift from Okawaru
  8902 | D:9      | Got an ancient falchion {god gift}
  8903 | D:9      | Identified the +7 falchion of Obeuso {venom, rF+ Int+6}
                  | (Okawaru gifted it to you on level 9 of the Dungeon)
  8973 | D:9      | Found a staircase to the Lair.
  9400 | D:10     | Entered Level 10 of the Dungeon
  9523 | D:10     | Noticed a two-headed ogre
  9529 | D:10     | Killed a two-headed ogre
  9554 | D:10     | Got a slimy long sword
  9555 | D:10     | Identified the +9 long sword "Arisoos" {elec, +Inv rElec
                  | MR- Int+2} (You found it on level 10 of the Dungeon)
 10137 | D:11     | Noticed a two-headed ogre
 10140 | D:11     | Killed a two-headed ogre
 10246 | D:11     | Found a radiant altar of Vehumet.
 10252 | D:11     | Reached ****** piety under Okawaru
 10255 | D:11     | Noticed Fannar
 10268 | D:11     | Noticed a boulder beetle
 10269 | D:11     | Received a gift from Okawaru
 10270 | D:11     | Noticed a two-headed ogre
 10293 | D:11     | Killed a two-headed ogre
 10294 | D:11     | Reached skill level 13 in Shields
 10294 | D:11     | Reached XP level 12. HP: 32/105 MP: 9/12
 10296 | D:11     | Killed a boulder beetle
 10305 | D:11     | Killed Fannar
 10312 | D:11     | HP: 5/106 [wight/+0 spear (4)]
 10515 | D:11     | Found a sacrificial altar of Ru.
 11129 | D:12     | Found a shimmering altar of Xom.
 11161 | D:12     | Found a staircase to the Orcish Mines.
 11219 | D:12     | Received a gift from Okawaru
 11766 | D:12     | Noticed a two-headed ogre
 11772 | D:12     | Killed a two-headed ogre
 11773 | D:12     | Reached skill level 10 in Fighting
 12254 | D:12     | Got a dazzling scimitar
 12255 | D:12     | Identified the cursed +3 scimitar of the Hand {freeze,
                  | rElec rC+} (You found it on level 12 of the Dungeon)
 12535 | Lair:1   | Entered Level 1 of the Lair of Beasts
 12596 | Lair:1   | Noticed a seven-headed hydra
 12604 | Lair:1   | Killed a two-headed hydra
 12722 | Lair:1   | Got an encrusted spear
 12728 | Lair:1   | Noticed a six-headed hydra
 12729 | Lair:1   | Noticed an eight-headed hydra
 12734 | Lair:1   | Killed a two-headed hydra
 12739 | Lair:1   | Killed a four-headed hydra
 12740 | Lair:1   | Reached skill level 1 in Stealth
 12982 | Lair:1   | Reached skill level 14 in Shields
 13614 | Lair:1   | Identified the +6 spear "Peoquew" {flame, rPois rC+ Int+5}
                  | (You found it on level 1 of the Lair of Beasts)
 13690 | Lair:1   | Identified a scroll of acquirement
 13999 | Lair:2   | Found a hole to the Spider Nest.
 14045 | Lair:2   | Found a staircase to the Swamp.
 14119 | Lair:2   | Reached XP level 13. HP: 32/114 MP: 10/13
 14670 | Lair:2   | Reached skill level 15 in Shields
 14690 | Lair:2   | Received a gift from Okawaru
 14702 | Lair:2   | Got a brightly glowing hat {god gift}
 14713 | Lair:2   | Identified the -1 hat of the Thinker {Dex+2} (Okawaru
                  | gifted it to you on level 2 of the Lair of Beasts)
 14734 | Lair:2   | Got a pair of warped gloves
 14745 | Lair:2   | Identified the cursed +0 pair of gloves "Piqu" {rElec rPois
                  | Int-4 Slay-5} (You found it on level 2 of the Lair of
                  | Beasts)
 15289 | Lair:3   | You fall into a shaft and drop 3 floors!
 15289 | Lair:6   | Entered Level 6 of the Lair of Beasts
 15690 | Lair:4   | Found a gate leading to a gauntlet.
 15699 | Gauntlet | Entered a Gauntlet
 15699 | Gauntlet | Found a transporter.
 15702 | Gauntlet | Found a transporter.
 15704 | Gauntlet | Found a transporter.
 15707 | Gauntlet | Found a transporter.
 15708 | Gauntlet | Found a transporter.
 15709 | Gauntlet | Found a transporter.
 15723 | Gauntlet | Found a transporter.
 15730 | Gauntlet | Found a runed translucent door.
 15740 | Gauntlet | Found a transporter.
 15743 | Gauntlet | Found a transporter.
 15748 | Gauntlet | Identified the ring of the Duchess {EV+4 Int+3 Stlth+}
 15752 | Gauntlet | Found a transporter.
 15755 | Gauntlet | Found a transporter.
 15822 | Gauntlet | Found a transporter.
 16017 | Gauntlet | Got a pitted golden amulet
 16019 | Gauntlet | Got a heavily runed sapphire amulet
 16032 | Gauntlet | Identified the amulet "Teut" {Spirit Dex+3} (You found it
                  | in a Gauntlet)
 16042 | Gauntlet | Identified the amulet "Woutram" {Reflect +Fly rPois rC+
                  | SH+5} (You found it in a Gauntlet)
 16211 | Gauntlet | Noticed a minotaur
 16226 | Gauntlet | Killed a minotaur
 16567 | Lair:4   | Received a gift from Okawaru
 16576 | Lair:4   | Reached skill level 15 in Long Blades
 17515 | Lair:3   | Reached skill level 16 in Shields
 17515 | Lair:3   | Reached XP level 14. HP: 118/125 MP: 15/15
 18232 | Orc:1    | Entered Level 1 of the Orcish Mines
 18673 | Orc:1    | Found a roughly hewn altar of Beogh.
 18918 | Orc:2    | Entered Level 2 of the Orcish Mines
 18945 | Orc:2    | Found a flickering gateway to a bazaar.
 19011 | Bazaar   | Entered a bazaar
 19011 | Bazaar   | Found Bikostycs's Antique Weapon Boutique.
 19023 | Bazaar   | Found Nuepamp's Magic Scroll Shoppe.
 19031 | Bazaar   | Bought a scroll of noise for 11 gold pieces
 19034 | Bazaar   | Found Yric's General Store.
 19045 | Bazaar   | Found Naoqoasm's Gadget Emporium.
 19053 | Bazaar   | Found Geegumn's Antique Armour Emporium.
 19071 | Bazaar   | Bought a wand of digging (5) for 162 gold pieces
 19093 | Bazaar   | Bought 3 scrolls of identify for 66 gold pieces
 19093 | Bazaar   | Bought a scroll of identify for 22 gold pieces
 19199 | Orc:2    | Found a staircase to the Elven Halls.
 19411 | Orc:2    | Received a gift from Okawaru
 19459 | Orc:2    | Found Jeme's Gadget Shop.
 19459 | Orc:2    | Found Icwyjo Tunk's Gadget Shoppe.
 19491 | Orc:2    | Found Esit's Weapon Boutique.
 19493 | Orc:2    | Found Qeosang's General Store.
 20416 | D:13     | You fall into a shaft and drop 2 floors!
 20416 | D:15     | Entered Level 15 of the Dungeon
 20490 | D:15     | Reached skill level 17 in Shields
 20905 | D:15     | Found a shimmering altar of Xom.
 21010 | D:15     | Found a white marble altar of Elyvilon.
 21451 | D:15     | Received a gift from Okawaru
 21567 | D:15     | Found a staircase to the Depths.
 21773 | D:15     | Reached skill level 18 in Shields
 22042 | D:14     | Noticed Agnes
 22048 | D:14     | Noticed Nessos
 22061 | D:14     | Killed Nessos
 22066 | D:14     | Killed Agnes
 22067 | D:14     | Noticed Frances
 22086 | D:14     | Killed Frances
 22087 | D:14     | Reached XP level 15. HP: 105/134 MP: 13/16
 22266 | D:14     | Received a gift from Okawaru
 22269 | D:14     | Got a pair of warped boots {god gift}
 22275 | D:14     | Identified the +4 pair of boots "Xehy" {Dex+5} (Okawaru
                  | gifted it to you on level 14 of the Dungeon)
 23499 | D:14     | Noticed Kirke
 23531 | D:14     | Killed Kirke
 23532 | D:14     | Reached skill level 19 in Shields
 23918 | D:14     | Found a gate to the Vaults.
 24257 | D:13     | Reached skill level 5 in Dodging
 24477 | D:13     | Found Cyus's Gadget Emporium.
 24552 | D:13     | Received a gift from Okawaru
 24820 | D:12     | Upgraded the game from 0.26-a0-830-g2a559e7be2 to
                  | 0.26-a0-833-g7262b39652
 25142 | D:4      | Killed Riddle's ghost
 25912 | Lair:5   | Noticed Snorg
 25931 | Lair:5   | Killed Snorg
 26536 | Lair:6   | Found a shimmering blue altar of Sif Muna.
 26589 | Lair:6   | Received a gift from Okawaru
 26827 | Lair:6   | Reached XP level 16. HP: 89/145 MP: 17/17
 27070 | Lair:6   | Found a staircase to the Slime Pits.
 27441 | Lair:6   | Reached skill level 20 in Shields
 28812 | Elf:1    | Entered Level 1 of the Elven Halls
 28837 | Elf:1    | Received a gift from Okawaru
 28848 | Elf:1    | Reached skill level 15 in Armour
 28979 | Elf:1    | Found Jiamu's Weapon Shoppe.
 29040 | Elf:1    | Found a runed translucent door.
 29041 | Elf:1    | Found a shimmering altar of Xom.
 29041 | Elf:1    | Noticed Govadawn's ghost (adept DsIE)
 29080 | Elf:1    | Cast into level 2 of the Abyss (a deep elf sorcerer)
 29276 | Abyss:2  | Noticed a tentacled starspawn
 29281 | Abyss:2  | Found a corrupted altar of Lugonu.
 29417 | Abyss:2  | Paralysed by accursed screaming for 1 turns
 29418 | Abyss:2  | Noticed a bone dragon
 29433 | Abyss:2  | Paralysed by accursed screaming for 2 turns
 29434 | Abyss:2  | Slain by a starcursed mass

Illustrated notes

Levels and vault maps discovered:
D:1:      saegor_arrival_simple_d, layout_basic, minmay_misc_feat_columns
D:2:      layout_loops_ring, grunt_temple_overflow_open, uniq_natasha
D:3:      minmay_goblin_kobold_castle, layout_rooms,
          amethyst_overflow_temple_binary, nicolae_ashenzari_panopticon
D:4:      layout_cave_pods, nicolae_overflow_hidden_temple,
          general_overflow_altar, minmay_temple_entry_butterflies,
          hellmonk_ghost_happy_afterlife, kennysheep_generic_room_10
D:5:      layout_loops_ring, grunt_dithmenos_smoke_and_mirrors
D:6:      layout_basic, vehumet_statue
D:7:      layout_basic, old_standard_altar, minmay_diced_spiral
D:8:      layout_gridville, enter_ossuary_2, kennysheep_small_square,
          uniq_gastronok, uniq_erica
D:9:      layout_long_grid, good_gods_temple_1, dpeg_lair_monsters, st_stairs_3,
          hangedman_abyss_or_decor_stagger, minmay_tree_intersection,
          serial_park_tiny_1, minmay_misc_feat_secret_circle, tso_metal_star
D:10:     layout_gridville, roderic_serpentine_path
D:11:     layout_long_grid, basic_altar, kennysheep_diamond, uniq_fannar
D:12:     layout_layer_cave, zombieorc1_lemuel, basic_altar
D:13:     layout_gridville, serial_shops, nicolae_shop_window_shopping,
          nicolae_looking_at_the_future
D:14:     layout_loops_ring, hangedman_vaults_entry_quadrant_bands,
          infiniplex_staircase_pillars_3b, uniq_nessos, uniq_agnes, uniq_kirke,
          uniq_frances
D:15:     grunt_enter_depths_magical_seal, layout_loops_ring, basic_altar,
          xom_teletrap_fun
Temple:   eino_wide_crystal_templ
Lair:1:   layout_big_grid, grunt_forest_small_clearings, grunt_megastairs_3
Lair:2:   layout_cave_pods, swamp_mist, nicolae_spider_entry_tight_spaces,
          minivault_25, minmay_another_anthill
Lair:3:   layout_chaotic_city
Lair:4:   layout_concentric_octagons, gauntlet_entry_generic
Lair:5:   layout_regular_city, uniq_snorg
Lair:6:   minmay_lair_end_frog_pond, layout_cave_pods, minmay_slime_entry_eyes,
          basic_altar, st_stairs_11, lemuel_fruit_tree
Orc:1:    layout_caves, basic_altar
Orc:2:    st_orc_rangers, layout_caves, serial_shops, bzr_entry_safe
Elf:1:    layout_loops_cross, ebering_ghost_xom, serial_shops, shop, shop,
          nicolae_shop_competitors_out_of_business, evilmike_minifort,
          small_statue_intersection
Abyss:2:  base: Lair:4, evilmike_abyss_exit_14

Skill      XL: |  1  2  3  4  5  6  7  8  9 10 11 12 13 14 15 16 |
---------------+-------------------------------------------------+-----
Armour         | 4 5 6 7 9 10 12 13 14 15 | 15.0
Shields        | 4 5 8 10 11 13 14 16 18 19 20 | 20.3
Fighting       | 4 5 6 7 8 9 10 11 12 13 14 | 14.2
Long Blades    | 3 4 5 7 9 10 11 13 14 15 16 | 16.6
Dodging        | 1 2 3 4 5 |  5.3
Invocations    | 1 2 3 |  3.5
Stealth        | 1 |  1.5
Unarmed Combat | |  0.1
Evocations     | |  0.2

Action                   |  1- 3 |  4- 6 |  7- 9 | 10-12 | 13-15 | 16-18 || total
-------------------------+-------+-------+-------+-------+-------+-------++-------
Melee: Long sword        |    69 |   186 |   412 |   217 |       |       ||   884
       Headbutt          |    12 |    23 |    96 |   158 |   593 |    68 ||   950
       Falchion          |       |       |    17 |   238 |  1400 |   111 ||  1766
       Scimitar          |       |       |       |   220 |   366 |    75 ||   661
       Unarmed           |       |       |       |       |     5 |       ||     5
Invok: Heroism           |       |       |     5 |     8 |    14 |     1 ||    28
       Finesse           |       |       |       |       |     2 |       ||     2
Evoke: Wand              |       |       |     1 |       |       |       ||     1
  Use: Potion            |     3 |       |     3 |     5 |     2 |     2 ||    15
       Scroll            |       |     2 |     3 |    14 |     9 |     8 ||    36
Armor: Scale mail        |    27 |    91 |       |       |       |       ||   118
       Plate armour      |       |    17 |   280 |   284 |   507 |    38 ||  1126
Dodge: Dodged            |    24 |    58 |   122 |   214 |   345 |    25 ||   788
Block: Kite shield       |    43 |   101 |   324 |   467 |  1470 |    24 ||  2429
       Reflection        |       |       |       |       |   103 |    12 ||   115
       Tower shield      |       |       |       |       |       |   117 ||   117
       Rpst.: Long sword |     8 |    19 |    34 |    19 |       |       ||    80
       Falchion          |       |       |     1 |    20 |    46 |     2 ||    69
       Scimitar          |       |       |       |    14 |    27 |     3 ||    44

Table legend: (Time is in decaauts)
 A = Elapsed time spent in this place.
 B = Non-inter-level travel time spent in this place.
 C = Inter-level travel time spent in this place.
 D = Time resting spent in this place.
 E = Time spent auto-exploring this place.
 F = Levels seen in this place.
 G = Mean time per level.
                   A        B        C        D        E       F      G
               +--------+--------+--------+--------+--------+-----+--------+
         Total |  28650 |  26330 |   2320 |    725 |  17808 |  29 |  987.9 |
       Dungeon |  17223 |  15763 |   1460 |    491 |  11161 |  15 | 1148.2 |
        Temple |     43 |     43 |      0 |      0 |     21 |   1 |   43.0 |
          Lair |   7738 |   6939 |    799 |     78 |   4610 |   6 | 1289.7 |
  Orcish Mines |   1955 |   1895 |     60 |      0 |   1301 |   2 |  977.5 |
   Elven Halls |    251 |    251 |      0 |      0 |    142 |   1 |  251.0 |
         Abyss |    340 |    340 |      0 |      2 |    190 |   1 |  340.0 |
        Bazaar |    117 |    117 |      0 |      0 |      0 |   1 |  117.0 |
       Ossuary |    205 |    205 |      0 |      0 |    106 |   1 |  205.0 |
      Gauntlet |    774 |    774 |      0 |    154 |    276 |   1 |  774.0 |
               +--------+--------+--------+--------+--------+-----+--------+

Top non-repeatable levels by time:
    D:14: 2007 daAuts
  Lair:6: 1934 daAuts
     D:3: 1730 daAuts
    D:12: 1682 daAuts
  Lair:1: 1651 daAuts
  Lair:2: 1490 daAuts
    D:15: 1313 daAuts
     D:4: 1288 daAuts
     D:7: 1269 daAuts
     D:9: 1143 daAuts
   Orc:2: 1137 daAuts
     D:6: 1048 daAuts
    D:11: 995 daAuts
     D:5: 973 daAuts
  Lair:4: 932 daAuts
